 Dungeon Crawl Stone Soup version 0.18-a0-23-g19353e1 (webtiles) character file.

345098 Duffy the Executioner (level 21, 0/199 HPs)
             Began as a Minotaur Fighter on Nov 2, 2015.
             Was the Champion of Cheibriados.
             Slain by a salamander stormcaller
             ... wielding a +0 halberd
              (5 damage)
             ... on level 5 of the Vaults.
             The game lasted 01:02:54 (46271 turns).

Duffy the Executioner (Minotaur Fighter)           Turns: 46271, Time: 01:02:54

Health: 0/199      AC: 31    Str: 51    XL:     21   Next: 47%
Magic:  0/28       EV: 30    Int: 24    God:    Cheibriados [******]
Gold:   3654       SH:  0    Dex: 29    Spells: 1 memorised, 17 levels left

rFire  + . .     SeeInvis .     a - +7 executioner's axe (freeze)
rCold  . . .     Clarity  .     t - +1 plate armour of the Buccaneer {rElec rN+ Int+4}
rNeg   + . .     SustAt   .     (shield currently unavailable)
rPois  +         Gourm    .     (helmet restricted)
rElec  +         Spirit   +     Q - +2 cloak {rPois}
rCorr  .         Warding  .     R - +2 pair of gloves
rMut   .         Stasis   .     l - +2 pair of boots
MR     +....                    s - amulet "Wilom" {Spirit *Drain rF+ Dex+4}
Stlth  ..........               D - +3 ring of slaying
                                M - +5 ring of strength

@: lethally poisoned (0 -> -5), very slow, somewhat resistant to hostile
enchantments, extremely unstealthy
A: retaliatory headbutt, horns 2
a: Bend Time, Temporal Distortion, Slouch, Step From Time, Renounce Religion
}: 1/15 runes: decaying


You were on level 5 of the Vaults.
You worshipped Cheibriados.
Cheibriados was exalted by your worship.
You were not hungry.

You visited 7 branches of the dungeon, and saw 41 of its levels.
You also visited: Labyrinth, Trove, Sewer and Ice Cave.

You collected 4315 gold pieces.
You spent 661 gold pieces at shops.


Innate Abilities, Weirdness & Mutations

You reflexively headbutt those who attack you in melee.
You have a pair of horns on your head.


   Skills:
 + Level 19.5 Fighting
 + Level 25.5 Axes
 + Level 19.9 Armour
 + Level 18.1 Dodging
   Level 3.6 Shields
 - Level 11.4 Invocations


You had 17 spell levels left.
You knew the following spells:

 Your Spells              Type           Power        Failure   Level  Hunger
a - Regeneration          Chrm/Necr      #.........   89%         3    ####...

Inventory:

Hand Weapons
 a - a +7 executioner's axe of freezing (weapon)
 y - a +0 blowgun
Missiles
 z - 94 poisoned needles
 N - 4 throwing nets (quivered)
Armour
 l - a +2 pair of boots (worn)
 t - the +1 plate armour of the Buccaneer (worn) {rElec rN+ Int+4}

   It affects your intelligence (+4).
   It insulates you from electricity.
   It protects you from negative energy.
 Q - a +2 cloak of poison resistance (worn)
 R - a +2 pair of gloves (worn)
Jewellery
 d - an uncursed amulet of clarity
 j - an uncursed amulet of resist corrosion
 o - an uncursed amulet of resist mutation
 s - the amulet "Wilom" (around neck) {Spirit *Drain rF+ Dex+4}

   [amulet of guardian spirit]

   It causes incoming damage to be split between your health and magic.
   It affects your dexterity (+4).
   It protects you from fire.
   It causes draining when unequipped.
 D - a +3 ring of slaying (right hand)
 H - the ring of Xetaurph {rPois rF+ Dex+4 SInv}

   [ring of protection from fire]

   It affects your dexterity (+4).
   It protects you from fire.
   It protects you from poison.
   It lets you see invisible.
 I - an uncursed amulet of stasis
 M - a +5 ring of strength (left hand)
 P - an uncursed amulet of clarity
 U - an uncursed ring of protection from magic
 V - an uncursed ring of sustain attributes
Wands
 p - a wand of digging (8)
 K - a wand of disintegration (10)
 W - a wand of teleportation (4)
 Z - a wand of digging (14)
Scrolls
 c - a scroll of enchant weapon
 f - 6 scrolls of recharging
 i - 11 scrolls of teleportation
 k - 25 scrolls of remove curse
 m - 4 scrolls of fog
 w - 7 scrolls of magic mapping
 E - 9 scrolls of immolation
 F - a scroll of enchant armour
 G - 14 scrolls of identify
 S - 6 scrolls of blinking
 T - 5 scrolls of fear
Potions
 b - 7 potions of brilliance
 g - 4 potions of heal wounds
 r - 6 potions of might
 u - 12 potions of flight
 v - a potion of cancellation
 x - 4 potions of agility
 A - 9 potions of curing
 B - 2 potions of magic
 C - 4 potions of resistance
 J - 2 potions of cure mutation
Miscellaneous
 X - a fan of gales
 Y - a sack of spiders
Comestibles
 e - 21 bread rations
 n - 17 beef jerkies
 O - 16 meat rations

Dungeon Overview and Level Annotations

Branches:
Dungeon (15/15)            Temple (1/1) D:7            Lair (8/8) D:11
  Swamp (4/4) Lair:4        Snake (4/4) Lair:4        Slime (0/6) Lair:8
    Orc (4/4) D:12            Elf (0/3) Orc:4        Vaults (5/5) D:14
  Crypt (0/3) Vaults:2     Depths (0/5) D:15

Altars:
Ashenzari
Cheibriados
Dithmenos
Elyvilon
Fedhas
Gozag
Kikubaaqudgha
Makhleb
Nemelex Xobeh
Okawaru
Qazlal
Ru
Sif Muna
Trog
Vehumet
Xom
Yredelemnul
Zin
The Shining One
Beogh

Shops:
D:10 !   D:15 *   Orc:1 *   Orc:4 :%}[   Snake:3 (   Vaults:4 (


Message History

The storm dragon is engulfed in roaring flames.
The ancient lich is engulfed in roaring flames.
The ancient lich touches you but does no damage.
You hear some strange, mumbled words.
A crystal spear appears from out of thin air!
The crystal spear hits you!
The ettin is engulfed in roaring flames.
The ettin dies!
A freezing wraith comes into view.
The fire giant hits you with a great sword of flaming.
The fire giant burns you.
The ancient lich touches you but does no damage.
You hear some strange, mumbled words.
An iron shot appears from out of thin air!
The iron shot hits you!
You turn to flesh and can move again.
You are too injured to fight recklessly!
You are too injured to fight recklessly!
Unknown command.
You are too injured to fight recklessly!
Unknown command.
You are too injured to fight recklessly!
Unknown command.
You slash the ancient lich!
You headbutt the ancient lich, but do no damage.
The ancient lich is moderately damaged.
You open the fire giant like a pillowcase!!!
You freeze the fire giant.
You kill the fire giant!
Cheibriados thoroughly appreciates the change of pace.
You miss something. You slice the storm dragon!! You freeze the storm dragon.
The storm dragon is heavily wounded.
You feel sick. The ancient lich touches you!
The salamander stormcaller hits you from afar with a halberd.
You die...

#############################
#....)..............)).......
#...................)).......
#....#######################.
#.....)............. .(......
#..#...........v.... ........
#..#..#####....N.### ######..
#..#..###...§)v..... #..
#..#..##}.§)@{...... #..
#..#..#/v..L.D...... #..
#..#..#...pN.v.v.... #..
#..#.......##....... #..
#..#....... ##..$W.
#..#..#.... ###.. #..#..#....
# #..# #... #..#


You could see an ancient lich, a storm dragon, 2 salamander stormcallers, a
vault sentinel and a freezing wraith.

Action                   |  1- 3 |  4- 6 |  7- 9 | 10-12 | 13-15 | 16-18 | 19-21 || total
-------------------------+-------+-------+-------+-------+-------+-------+-------++-------
Melee: War axe           |   100 |   162 |   256 |   305 |       |       |       ||   823
       Battleaxe         |       |       |       |   231 |       |       |       ||   231
       Executioner's axe |       |       |       |    59 |   765 |   804 |   624 ||  2252
       Scimitar          |       |       |       |     7 |     4 |       |       ||    11
Throw: Throwing net      |       |       |       |       |       |       |     1 ||     1
Invok: Slouch            |       |       |       |       |     1 |       |       ||     1
Evoke: Wand              |       |       |       |       |     3 |       |       ||     3
  Use: Potion            |       |       |     2 |     3 |       |     5 |     4 ||    14
       Scroll            |       |       |       |    26 |    12 |    10 |     5 ||    53
 Stab: Invisible         |       |       |       |     8 |       |       |       ||     8
       Confused          |       |       |       |       |       |     1 |       ||     1
       Distracted        |       |       |       |       |       |       |     1 ||     1
       Held in net/web   |       |       |       |       |       |       |     1 ||     1
  Eat: Chunk             |     1 |     6 |    16 |    17 |     6 |     2 |     1 ||    49
       Fruit             |       |       |       |       |     9 |     6 |       ||    15
       Pizza             |       |       |       |       |     2 |     1 |       ||     3
       Royal jelly       |       |       |       |       |     3 |     1 |       ||     4
       Beef jerky        |       |       |       |       |       |     8 |     5 ||    13
       Meat ration       |       |       |       |       |       |     1 |       ||     1

Notes
Turn   | Place    | Note
--------------------------------------------------------------
     0 | D:1      | Duffy the Minotaur Fighter began the quest for the Orb.
     0 | D:1      | Reached XP level 1. HP: 19/19 MP: 0/0
   285 | D:1      | Reached XP level 2. HP: 27/27 MP: 1/1
   414 | D:1      | Reached skill level 1 in Dodging
   493 | D:1      | Reached skill level 4 in Fighting
   612 | D:1      | Reached skill level 4 in Armour
   673 | D:1      | Reached XP level 3. HP: 31/33 MP: 2/2
  1116 | D:2      | Reached skill level 3 in Axes
  1170 | D:2      | Reached XP level 4. HP: 41/41 MP: 3/3
  1560 | D:2      | Reached skill level 2 in Dodging
  1762 | D:3      | Found a basalt altar of Yredelemnul.
  1893 | D:3      | Reached XP level 5. HP: 41/47 MP: 4/4
  1939 | D:3      | Found a glowing drain.
  1958 | Sewer    | Entered a sewer
  2200 | Sewer    | Reached skill level 5 in Fighting
  2285 | Sewer    | Reached skill level 4 in Axes
  2285 | Sewer    | Reached skill level 5 in Armour
  2285 | Sewer    | Reached skill level 3 in Dodging
  2290 | Sewer    | Reached XP level 6. HP: 51/56 MP: 5/5
  2967 | D:4      | Reached skill level 4 in Dodging
  2967 | D:4      | Reached XP level 7. HP: 55/62 MP: 6/6
  2977 | D:4      | Reached skill level 6 in Fighting
  2984 | D:4      | Reached skill level 5 in Axes
  2984 | D:4      | Reached skill level 6 in Armour
  3808 | D:5      | Entered Level 5 of the Dungeon
  3945 | D:5      | Reached XP level 8. HP: 47/71 MP: 7/7
  4097 | D:5      | Reached skill level 6 in Axes
  4097 | D:5      | Reached skill level 5 in Dodging
  4227 | D:5      | Noticed Dirtsage's ghost (amateur DDGl)
  4243 | D:5      | Killed Dirtsage's ghost
  4243 | D:5      | Reached skill level 7 in Fighting
  4243 | D:5      | Reached skill level 7 in Armour
  4996 | D:6      | Reached skill level 7 in Axes
  5170 | D:6      | Reached skill level 6 in Dodging
  5479 | D:6      | Reached skill level 8 in Fighting
  5529 | D:6      | Noticed Grinder
  5538 | D:6      | Paralysed by Grinder for 4 turns
  5544 | D:6      | Reached skill level 8 in Armour
  5544 | D:6      | Reached XP level 9. HP: 45/81 MP: 8/8
  5546 | D:6      | Killed Grinder
  6087 | D:7      | Noticed Duvessa
  6088 | D:7      | Noticed Pikel
  6088 | D:7      | Noticed Dowan
  6105 | D:6      | Killed Duvessa
  6109 | D:6      | Killed Dowan
  6115 | D:6      | Killed Pikel
  6115 | D:6      | Reached skill level 8 in Axes
  6115 | D:6      | Reached skill level 9 in Armour
  6115 | D:6      | Reached skill level 7 in Dodging
  6216 | D:7      | Reached skill level 9 in Fighting
  6803 | D:7      | Reached XP level 10. HP: 89/91 MP: 9/9
  6848 | D:7      | Noticed Blork the orc
  6849 | D:7      | Noticed Eustachio
  6857 | D:7      | Reached skill level 9 in Axes
  6861 | D:7      | Killed Blork the orc
  7221 | D:7      | Reached skill level 8 in Dodging
  7246 | D:7      | Killed Eustachio
  7344 | D:7      | Found a staircase to the Ecumenical Temple.
  7353 | Temple   | Entered the Ecumenical Temple
  7443 | Temple   | Became a worshipper of Cheibriados the Contemplative
  7673 | D:8      | Noticed Grum
  7674 | D:8      | Found a glowing silver altar of Zin.
  7770 | D:7      | Killed Grum
  7770 | D:7      | Reached skill level 10 in Armour
  8177 | D:8      | Noticed Erolcha
  8181 | D:8      | Reached skill level 10 in Fighting
  8186 | D:8      | Reached * piety under Cheibriados
  8194 | D:8      | Killed Erolcha
  8504 | D:8      | Reached skill level 10 in Axes
  8588 | D:8      | Noticed Maurice
  8613 | D:8      | Killed Maurice
  8990 | D:8      | Reached skill level 11 in Axes
  9609 | D:9      | Reached ** piety under Cheibriados
  9851 | D:9      | Noticed an unseen horror
  9868 | D:9      | Killed an unseen horror
  9868 | D:9      | Reached XP level 11. HP: 91/101 MP: 10/10
 10408 | D:10     | Entered Level 10 of the Dungeon
 10523 | D:10     | Reached skill level 12 in Axes
 10894 | D:10     | Found Xefot's Distillery.
 10903 | D:10     | Bought a potion of resistance for 130 gold pieces
 10903 | D:10     | Bought a potion of curing for 39 gold pieces
 10903 | D:10     | Bought a potion of invisibility for 104 gold pieces
 10903 | D:10     | Bought a potion of poison for 13 gold pieces
 10903 | D:10     | Bought a potion of lignification for 39 gold pieces
 10903 | D:10     | Bought a potion of degeneration for 13 gold pieces
 11207 | D:10     | Reached *** piety under Cheibriados
 11294 | D:10     | Reached skill level 13 in Axes
 11559 | D:11     | Found a portal to a secret trove of treasure.
 11752 | D:11     | Noticed a hill giant
 11760 | D:11     | Noticed Fannar
 11762 | D:11     | Killed a hill giant
 11762 | D:11     | Reached skill level 14 in Axes
 11773 | D:11     | Found a staircase to the Lair.
 11779 | D:11     | Killed Fannar
 12126 | D:11     | Noticed an unseen horror
 12129 | D:11     | Reached **** piety under Cheibriados
 12144 | D:11     | Killed an unseen horror
 12144 | D:11     | Reached skill level 15 in Axes
 12284 | D:11     | Noticed Urug
 12285 | D:11     | Noticed Erica
 12298 | D:11     | Killed Urug
 12301 | D:11     | Killed Erica
 12595 | Lair:1   | Entered Level 1 of the Lair of Beasts
 12600 | Lair:1   | Reached XP level 12. HP: 107/107 MP: 11/11
 12637 | Lair:1   | Identified the Disquisition on Aid and Dislocation (You found it on level 1 of the Lair of Beasts)
 12768 | Lair:1   | Reached skill level 16 in Axes
 13228 | Lair:1   | Reached ***** piety under Cheibriados
 13240 | Lair:1   | Reached skill level 17 in Axes
 13478 | Lair:2   | Found a frozen archway.
 13508 | IceCv    | Entered an ice cave
 13554 | IceCv    | Got a dazzling plate armour
 13565 | IceCv    | Identified the cursed +1 plate armour "Dama" {*Drain rCorr MP+9} (You found it in an ice cave)
 14481 | Lair:2   | Noticed a six-headed hydra
 14488 | Lair:2   | Killed a one-headed hydra
 14488 | Lair:2   | Reached skill level 18 in Axes
 14827 | Lair:2   | Reached ****** piety under Cheibriados
 14979 | Lair:3   | Noticed Nergalle
 14987 | Lair:3   | Killed Nergalle
 15688 | Lair:3   | Reached skill level 19 in Axes
 15731 | Lair:3   | Noticed a four-headed hydra
 15736 | Lair:3   | Killed a two-headed hydra
 15736 | Lair:3   | Reached skill level 1 in Invocations
 15736 | Lair:3   | Reached XP level 13. HP: 114/114 MP: 12/12
 16036 | Lair:4   | Found a staircase to the Swamp.
 16040 | Lair:4   | Reached skill level 2 in Invocations
 16136 | Lair:4   | Found a staircase to the Snake Pit.
 16393 | Lair:4   | Reached skill level 3 in Invocations
 16402 | Lair:4   | Reached skill level 4 in Invocations
 16645 | Lair:4   | Found a shattered altar of Ashenzari.
 17613 | Lair:5   | Reached skill level 5 in Invocations
 18184 | Lair:6   | Reached skill level 6 in Invocations
 18256 | Lair:6   | Reached skill level 20 in Axes
 18819 | Lair:7   | Found a labyrinth entrance.
 18828 | Lab      | Entered a labyrinth
 19108 | Lab      | Reached skill level 7 in Invocations
 19163 | Lair:7   | Learned a level 3 spell: Regeneration
 19426 | Lair:7   | Noticed Snorg
 19434 | Lair:7   | Killed Snorg
 19967 | Lair:7   | Reached XP level 14. HP: 122/122 MP: 18/18
 20052 | Lair:7   | Reached skill level 8 in Invocations
 20405 | Lair:8   | Entered Level 8 of the Lair of Beasts
 20544 | Lair:8   | Reached skill level 9 in Invocations
 20722 | Lair:8   | Reached skill level 10 in Invocations
 20736 | Lair:8   | Reached skill level 11 in Invocations
 21113 | Lair:8   | Reached skill level 9 in Dodging
 21525 | Lair:8   | Reached skill level 11 in Armour
 21527 | Lair:8   | Reached skill level 21 in Axes
 21528 | Lair:8   | Reached skill level 11 in Fighting
 21528 | Lair:8   | Reached XP level 15. HP: 111/129 MP: 19/22
 21658 | Lair:8   | Found a staircase to the Slime Pits.
 22451 | D:12     | Found a staircase to the Orcish Mines.
 22465 | Orc:1    | Entered Level 1 of the Orcish Mines
 22502 | Orc:1    | Found Nuicemi's Needful Niceties.
 23068 | Orc:3    | Found a roughly hewn altar of Beogh.
 23080 | Orc:4    | Entered Level 4 of the Orcish Mines
 23115 | Orc:4    | Reached skill level 10 in Dodging
 23527 | Orc:4    | Found Tuyfuj's Gadget Shoppe.
 23545 | Orc:4    | Found Genoyhut's Antique Armour Boutique.
 23560 | Orc:4    | Bought a steaming cloak for 323 gold pieces
 23561 | Orc:4    | Identified the +1 cloak of Panentheism {Stlth+} (You bought it in a shop on level 4 of the Orcish Mines)
 23570 | Orc:4    | Found a roughly hewn altar of Beogh.
 23601 | Orc:4    | Found Epimmo's Food Boutique.
 23609 | Orc:4    | Found Vuakuts's Book Shoppe.
 23614 | Orc:4    | Noticed Rupert
 23620 | Orc:4    | Killed Rupert
 23729 | Orc:4    | Found a staircase to the Elven Halls.
 23797 | Orc:3    | You fall through a shaft!
 23955 | D:12     | Reached skill level 12 in Fighting
 24372 | D:12     | Reached skill level 12 in Armour
 25152 | D:13     | You fall through a shaft for 2 floors!
 25152 | D:15     | Entered Level 15 of the Dungeon
 25152 | D:15     | Found Eppotu's Off-Brand Ammunition.
 25587 | D:15     | Found a staircase to the Depths.
 25787 | D:15     | Reached skill level 11 in Dodging
 26384 | D:14     | Found a gate to the Vaults.
 26391 | D:14     | Reached XP level 16. HP: 141/141 MP: 23/23
 26546 | D:14     | Found a snail-covered altar of Cheibriados.
 26860 | D:13     | Reached skill level 13 in Fighting
 27116 | D:11     | You paid a toll of 6 potions of haste to enter a treasure trove
 27117 | Trove    | Entered a treasure trove
 27144 | Trove    | Got a brightly glowing steel ring
 27180 | Trove    | Identified the ring of Xetaurph {rPois rF+ Dex+4 SInv} (You found it in a treasure trove)
 27988 | Orc:3    | Reached skill level 13 in Armour
 28058 | Orc:3    | Got a translucent lead amulet
 28059 | Orc:3    | Identified the amulet "Wilom" {Spirit *Drain rF+ Dex+4} (You found it on level 3 of the Orcish Mines)
 29216 | Snake:1  | Entered Level 1 of the Snake Pit
 29505 | Snake:1  | Reached skill level 22 in Axes
 30057 | Snake:1  | Noticed Donald
 30063 | Snake:1  | Killed Donald
 30063 | Snake:1  | Reached skill level 12 in Dodging
 31135 | Snake:2  | Reached skill level 14 in Fighting
 31217 | Snake:2  | Reached skill level 14 in Armour
 32597 | Snake:3  | Reached XP level 17. HP: 121/154 MP: 18/24
 32601 | Snake:3  | Found Ruej's Weapon Shop.
 33249 | Snake:3  | Reached skill level 13 in Dodging
 33680 | Snake:4  | Entered Level 4 of the Snake Pit
 33862 | Swamp:1  | Entered Level 1 of the Swamp
 34654 | Swamp:2  | Reached skill level 15 in Fighting
 34658 | Swamp:2  | Reached skill level 15 in Armour
 35820 | Swamp:3  | Found a snail-covered altar of Cheibriados.
 35908 | Swamp:3  | Reached skill level 23 in Axes
 36778 | Swamp:3  | Reached skill level 14 in Dodging
 36858 | Swamp:4  | Entered Level 4 of the Swamp
 36957 | Swamp:4  | Reached XP level 18. HP: 148/166 MP: 23/25
 37230 | Swamp:4  | Got a decaying rune of Zot
 37433 | Swamp:4  | Noticed Rayvis's ghost (journeyman FeEn)
 37467 | Swamp:4  | Killed Rayvis's ghost
 37467 | Swamp:4  | Reached skill level 16 in Fighting
 37500 | Swamp:4  | Reached skill level 16 in Armour
 38270 | Vaults:1 | Entered Level 1 of the Vaults
 38720 | Vaults:1 | Got a polished plate armour
 38721 | Vaults:1 | Identified the cursed +1 plate armour of the Buccaneer {rElec rN+ Int+4} (You found it on level 1 of the Vaults)
 38991 | Vaults:1 | Reached skill level 15 in Dodging
 38995 | Vaults:1 | Paralysed by an orc sorcerer for 3 turns
 39102 | Vaults:1 | Paralysed by an ogre mage for 7 turns
 39615 | Vaults:1 | Reached skill level 17 in Armour
 39621 | Vaults:1 | Reached XP level 19. HP: 170/174 MP: 24/26
 39809 | Vaults:2 | Reached skill level 17 in Fighting
 40491 | Vaults:2 | Reached skill level 24 in Axes
 40619 | Vaults:2 | Found a staircase to the Crypt.
 42167 | Vaults:3 | Noticed Wiglaf
 42176 | Vaults:3 | Killed Wiglaf
 42260 | Vaults:3 | Reached skill level 16 in Dodging
 42434 | Vaults:3 | Reached skill level 18 in Armour
 42643 | Vaults:3 | Found a burning altar of Makhleb.
 43086 | Vaults:3 | Reached skill level 18 in Fighting
 43212 | Vaults:3 | Reached XP level 20. HP: 176/187 MP: 25/27
 43483 | Vaults:3 | Gained mutation: You are resistant to hostile enchantments. [potion of mutation]
 43483 | Vaults:3 | Gained mutation: You possess an exceptional clarity of mind. [potion of mutation]
 43483 | Vaults:3 | Gained mutation: Armour fits poorly on your strangely shaped body. [potion of mutation]
 43494 | Vaults:3 | Lost mutation: You possess an exceptional clarity of mind. [potion of cure mutation]
 43494 | Vaults:3 | Lost mutation: You are resistant to hostile enchantments. [potion of cure mutation]
 43494 | Vaults:3 | Lost mutation: Armour fits poorly on your strangely shaped body. [potion of cure mutation]
 44513 | Vaults:4 | Reached skill level 17 in Dodging
 44995 | Vaults:4 | Found Remuav's Antique Weapon Shop.
 45006 | Vaults:4 | Reached skill level 19 in Armour
 45188 | Vaults:5 | Entered Level 5 of the Vaults
 45268 | Vaults:4 | Reached skill level 25 in Axes
 45398 | Vaults:4 | Reached skill level 19 in Fighting
 45591 | Vaults:5 | Reached XP level 21. HP: 151/198 MP: 5/28
 45628 | Vaults:5 | Noticed Boris
 45645 | Vaults:5 | Killed Boris
 46021 | Vaults:5 | Reached skill level 18 in Dodging
 46260 | Vaults:5 | Noticed an ancient lich
 46261 | Vaults:5 | Noticed an ancient lich
 46271 | Vaults:5 | Slain by a salamander stormcaller

Vault maps used:
D:1:      eino_arrival_cavern_e
D:3:      yredelemnul_forgotten_temple_becter, portal_sewer_entry_a
D:5:      first_bread
D:6:      kennysheep_diamond, uniq_grinder
D:7:      minmay_temple_entry_butterflies, sword_in_stone, uniq_pikel,
          uniq_duvessa
D:8:      basic_altar, solitary_fountain, minmay_hedge_maze, uniq_maurice,
          uniq_erolcha, uniq_grum
D:10:     serial_shops, shop
D:11:     dpeg_lair_monsters, enter_trove_0, uniq_fannar, uniq_urug, uniq_erica
D:12:     orc_0_dummy, einodemon_armed_red_devil_minivault
D:13:     the_bakery, spider_trap
D:14:     grunt_vaults_entry_tiered, cheibriados_altar_1
D:15:     gammafunk_depths_entry_grave, hangedman_abyss_or_decor_slice,
          nicolae_offbrand_ammo
Temple:   grunt_circular_temple_18
Lair:2:   portal_ice_cave_entry_imps
Lair:3:   wad_woods_road_05, grunt_megastairs_2, uniq_nergalle
Lair:4:   nicolae_swamp_entry_splash_gauntlet, guppyfry_snake_entry_island,
          basic_altar, serial_bayou_lake_a
Lair:7:   lab_entry_generic, minivault_25, beast_lair_carwin_2,
          grunt_megastairs_3, uniq_snorg
Lair:8:   hangedman_lair_tendril_chambers, hangedman_lair_caniforms_friends,
          nicolae_slime_entry_slimehenge
Swamp:1:  evilmike_swamp_ruin_rubble_2, swamp_pool4, infiniplex_staircase_pool_2
Swamp:2:  evilmike_swamp_ruin_house_1
Swamp:3:  basic_altar, swamp_pool5, st_swamp_ruins_3
Swamp:4:  swamp_basic_johnstein, swamp_pool1
Snake:1:  nicolae_snake_serpentine_hallways, serial_bayou_shore_a, uniq_donald
Snake:3:  serial_shops, nicolae_shop_behind_doors
Snake:4:  johnstein_snake_rune_scales, spider_trap, grunt_ministairs_11,
          lemuel_fruit_tree, basic_stair_grate_trap
Orc:1:    nicolae_alphabet_shops
Orc:3:    lemuel_ogre_cave, nicolae_orc_pool_cavern, mines2_david
Orc:4:    st_orc_town, mines2_lemuel, uniq_rupert
Vaults:1: hangedman_vaults_trim, special_room_vaults, vaults_room_door_ring,
          vaults_room_large_hall, v_alt_pattern_2,
          vaults_room_grunt_arrival_checkpoint, v_misc_1,
          hangedman_vaults_corner, vaults_room_pool,
          ontoclasm_vaults_ring_small, nicolae_vaults_mini_display_case,
          nicolae_vaults_diagonal_hallway_6, ontoclasm_vaults_ligature
Vaults:2: minmay_crypt_entry_simple_walls, grunt_vaults_bifocal,
          vaults_room_large_hall, v_misc_1, vaults_mumra_minichess_inversion,
          vaults_room_pools, v_misc_15, vaults_dpeg_diagonal, v_misc_9,
          nicolae_vaults_little_squares_3, vaults_standard_mumra_x, v_misc_29,
          v_misc_9, ontoclasm_vaults_twist
Vaults:3: nicolae_vaults_arrows, ontoclasm_vaults_decontamination,
          ontoclasm_vaults_ring_small, grunt_vaults_focal, vaults_room_pool,
          nicolae_vaults_little_squares_3, v_pattern_5,
          ontoclasm_vaults_misaligned, v_misc_2, dpeg_vaults_monster_box,
          ontoclasm_vaults_gateway, v_misc_12, basic_altar, uniq_wiglaf
Vaults:4: v_misc_30, dpeg_vaults_monster_row, nicolae_vaults_ring_of_whatevers,
          v_pattern_2, vaults_mumra_hexcomb, v_misc_12, vaults_dpeg_hooks,
          hangedman_vaults_trim, vaults_mumra_chevron_long,
          ontoclasm_vaults_hangar, ontoclasm_vaults_idyll, serial_shops,
          nicolae_shop_waterfront, serial_glass
Vaults:5: uniq_boris
Lab:      labyrinth_watery, nicolae_lab_big_swirl, nicolae_lab_dead_end,
          labyrinth_skeletal_remains
Trove:    trove_jewel_2
Sewer:    kennysheep_pipe_town
IceCv:    ice_cave_statue_garden_02

Vanquished Creatures
  Boris
  A tentacled monstrosity Rupert
  2 titans
  A quicksilver dragon
  2 sphinxes
  A shadow dragon
  4 thorn hunters
  A greater naga
  A tengu reaver Wiglaf
  3 fire giants
  A deep elf sorcerer Donald
  5 frost giants
  14 vault wardens
  An orc warlord
  2 war gargoyles
  5 very ugly things
  17 ironheart preservers
  10 stone giants
  A vampire knight
  2 deep elf demonologists
  2 salamander stormcallers
  2 deep elf annihilators
  3 small abominations
  The ghost of Rayvis the Unseen, a journeyman FeEn of Dithmenos
  4 ettins Snorg
  38 vault guards
  A minotaur
  4 deep elf death magi
  2 large abominations
  A deep elf high priest
  7 yaktaur captains
  A fire dragon
  A great orb of eyes
  2 ice dragons Fannar
  18 hydras Erolcha
  15 naga warriors
  3 ghost crabs
  8 anacondas Erica
  9 alligators
  13 ogre magi
  19 death yaks
  6 orc high priests
  6 centaur warriors
  A deep troll shaman
  4 deep troll earth magi
  A vampire mage
  A dancing weapon Urug
  9 naga sharpshooters
  3 shock serpents Nergalle
  A skeletal warrior
  A hell knight
  3 deep elf knights
  A salamander mystic
  14 deep trolls
  A fire crab
  3 unseen horrors
  A flayed ghost
  2 sea snakes
  4 spriggan druids
  2 naga ritualists
  3 shambling mangroves
  3 giant orange brains
  2 sea snakes (shapeshifter)
  13 swamp dragons Pikel
  13 ironbrand convokers
  3 hill giants
  A tengu zombie
  6 necromancers
  A sphinx zombie
  19 ugly things
  4 deep elf conjurers
  A phantasmal warrior
  A stone giant zombie
  20 orc knights
  4 cyclopes
  10 orc sorcerers
  6 wolf spiders
  10 hornets
  3 wizards
  3 griffons
  12 salamanders
  2 human zombies
  8 mana vipers
  31 black mambas
  A water nymph (shapeshifter)
  14 naga magi
  4 guardian serpents
  13 vault sentinels Maurice
  A manticore
  A gargoyle
  A torpor snail
  38 yaktaurs
  29 spiny frogs
  11 komodo dragons
  A komodo dragon (shapeshifter)
  2 yaktaur zombies
  3 fire drakes
  A freezing wraith
  An entropy weaver zombie
  A guardian mummy
  The ghost of Dirtsage the Ducker, an amateur DDGl
  4 red devils
  19 blink frogs
  A tengu simulacrum
  3 giant leeches
  8 polar bears
  A polar bear (shapeshifter)
  Grinder
  29 two-headed ogres
  8 deep elf priests
  21 slime creatures
  A blink frog (shapeshifter)
  10 trolls
  6 boulder beetles
  A deep troll zombie
  An ettin zombie
  2 raiju
  10 bog bodies
  A stone giant simulacrum
  A flying skull
  57 yaks
  2 redbacks
  2 trapdoor spiders
  A wyvern
  A vampire
  12 deep elf magi
  A tarantella (shapeshifter)
  10 spriggans
  19 humans
  2 spriggans (shapeshifter)
  A hippogriff (shapeshifter)
  Eustachio
  3 wraiths
  14 deep elf fighters
  3 shadows Grum
  26 vampire mosquitoes
  3 human simulacra
  9 hippogriffs
  A hungry ghost
  3 basilisks
  A basilisk (shapeshifter)
  29 wolves
  20 wargs
  4 mottled dragons
  4 hell hounds
  18 insubstantial wisps
  24 swamp worms
  37 orc warriors
  24 water moccasins
  18 porcupines Duvessa
  12 ice beasts
  31 nagas
  19 wasps
  An ogre skeleton
  An eye of draining (shapeshifter)
  12 black bears
  9 sky beasts
  15 swamp drakes
  16 spiders
  An eye of draining
  2 necrophages
  4 slaves
  5 boggarts
  3 phantoms
  62 ogres
  An ice beast (shapeshifter)
  19 centaurs
  A human skeleton
  2 brain worms
  21 crocodiles
  3 gnoll sergeants Blork the orc
  21 giant frogs
  8 big kobolds Dowan
  A deep troll simulacrum
  3 scorpions
  27 killer bees
  5 crimson imps
  5 electric eels
  2 centaur zombies
  49 orc priests
  2 quasits
  A giant frog zombie
  7 centaur skeletons
  20 hounds
  5 jellies
  A wasp zombie
  4 giant frog skeletons
  A gnoll shaman
  12 iguanas
  32 orc wizards
  13 worker ants
  25 sheep
  An ogre zombie
  2 hound zombies
  A hound skeleton
  3 worker ant zombies
  25 adders
  10 gnolls
  2 shadow imps
  49 river rats
  12 white imps
  4 oozes
  An adder skeleton
  7 worms
  3 giant geckos
  239 orcs
  18 bats
  11 giant cockroaches
  8 hobgoblins
  12 jackals
  42 kobolds
  2 quokkas
  3 ball pythons
  A giant gecko zombie
  5 giant newts
  9 goblins
  A quokka zombie
  15 rats
  A spectral orc
  4 briar patches
  A butterfly
  A crawling corpse
  2 fire vortices
  40 fungi
  56 plants
2163 creatures vanquished.
